 Dungeon Crawl Stone Soup version 0.30-a0-845-g7c6808c8ce (webtiles) character file.

Game seed: 3384776049413322051

408 zenocrate the Insei (level 6, -10/57 HPs)
             Began as an Octopode Transmuter on Mar 2, 2023.
             Was an Initiate of the Shining One.
             Killed by divine providence
             ... invoked by an orc priest
              (11 damage)
             ... on level 4 of the Dungeon.
             The game lasted 00:04:10 (4747 turns).

zenocrate the Insei (Octopode Transmuter)           Turns: 4747, Time: 00:04:10

Health: -10/57     AC: 23    Str: 15    XL:     6   Next: 88%
Magic:  0/9        EV:  2    Int: 17    God:    the Shining One [......]
Gold:   103        SH:  0    Dex: 13    Spells: 2/9 levels left

rFire   . . .      SeeInvis .      - Unarmed
rCold   . . .      Faith    .    (no shield)
rNeg    . . .      Spirit   +    (helmet currently unavailable)
rPois   +          Reflect  .    f - amulet of guardian spirit
rElec   .          Rampage  .    k - +6 ring of strength
rCorr   .          NoTele   +    (no ring)
Will    .....                    (no ring)
Stlth   +                        (no ring)
HPRegen 0.29/turn                (no ring)
MPRegen 0.11/turn                (no ring)
                                 (no ring)
                                 (no ring)

@: tree-form, wereblooded, glowing
A: stationary, stasis, torment immunity, boosted hp, almost no armour,
(amphibious), 8 rings, (camouflage 1), (gelatinous body 1), (nimble swimmer 1),
(tentacles)
a: Renounce Religion


You were on level 4 of the Dungeon.
You worshipped the Shining One.
The Shining One was noncommittal.
You were a tree.
You visited 2 branches of the dungeon, and saw 5 of its levels.

You collected 103 gold pieces.

Inventory:

Missiles
 b - 2 javelins
 c - 20 poisoned darts (quivered)
 g - 2 boomerangs
Jewellery
 f - an amulet of guardian spirit (around neck)
 k - a +6 ring of strength (left branch)
 q - a ring of fire
Scrolls
 h - a scroll of silence
 i - 3 scrolls of magic mapping
 j - a scroll of teleportation
 l - 2 scrolls of amnesia
 n - a scroll of blinking
 o - a scroll of enchant armour
 p - 2 scrolls of identify
Potions
 a - 2 potions of lignification
 e - 3 potions of flight
 m - a potion of brilliance


   Skills:
 - Level 1.0 Fighting
 - Level 2.0 Dodging
 - Level 2.0 Stealth
 + Level 5.1 Unarmed Combat
 - Level 2.0 Spellcasting
 + Level 4.4 Transmutations
 + Level 2.9 Ice Magic


You had 2 spell levels left.
You knew the following spells:

 Your Spells              Type           Power      Damage    Failure   Level
a - Wereblood             Tmut           16%        N/A       4%          2
b - Beastly Appendage     Tmut           32%        N/A       3%          1
c - Ice Form              Ice/Tmut       14%        N/A       38%         4

Your spell library contained the following spells:

 Spells                   Type           Power      Damage    Failure   Level
 Spider Form              Tmut/Pois      9%         N/A       24%         3


Dungeon Overview and Level Annotations

Branches:
Dungeon (4/15)             Temple (1/1) D:4

Altars:
Ashenzari
Cheibriados
Dithmenos
Fedhas
Gozag
Hepliaklqana
Kikubaaqudgha
Makhleb
Okawaru
Qazlal
Ru
Sif Muna
Trog
Uskayaw
Vehumet
Wu Jian
Xom
Zin
The Shining One


Innate Abilities, Weirdness & Mutations

You are a tree.
Your roots penetrate the ground, keeping you stationary.
You cannot be teleported.
You are immune to unholy pain and torment.
Your maximum health is greatly increased.
You cannot wear most types of armour.
((You are amphibious.))
You can wear up to eight rings at the same time.
((Your skin changes colour to match your surroundings (Stealth+).))
((Your rubbery body absorbs attacks. (AC +1, EV +1)))
((You are camouflaged when in or above water. (Stealth+)))
((You have tentacles for arms and can constrict up to eight enemies at once.))


Message History

The orc priest is moderately wounded.
The orc priest misses you. The goblin misses you. Something hits you.
You tentacle-slap the orc priest.
Your tentacle-slap misses the orc priest.
The orc priest is severely wounded.
You hear some strange, mumbled words.
A magic dart appears from out of thin air!
The magic dart hits you. The goblin hits you with a +0 dagger.
The orc priest barely misses you. The goblin hits you with a +0 dagger.
You feel better.
The orc priest calls down the wrath of Beogh upon you.
Beogh smites you! The goblin hits you with a +0 dagger.
You tentacle-slap the goblin. You grab the goblin.
The goblin is almost dead.
You constrict the goblin.
You feel a bit better.
You kill the goblin!
You barely miss the orc priest. You grab the orc priest.
You tentacle-slap the orc priest.
The orc priest is severely wounded.
You constrict the orc priest. Something hits you.
The orc priest hits you with a +0 whip.
* * * LOW HITPOINT WARNING * * *
You tentacle-slap the orc priest but do no damage.
The orc priest is almost dead.
You howl as the wereblood boils in your veins!
You constrict the orc priest.
The orc priest mumbles some strange prayers to Beogh against you.
Beogh smites you!
* * * LOW HITPOINT WARNING * * *
Something hits you.
* * * LOW HITPOINT WARNING * * *
Okay, then.
Really quaff the potion of lignification?
You turn into a tree.
Your roots penetrate the ground.
You lose your grip on the orc priest.
Something hits you. The Shining One protects you from harm!
The orc priest calls down the wrath of Beogh upon you.
Beogh smites you!
You die...

# #.##
#..#########
#..........# #
#.##)##.##.## #.#
#.#.........#....
#..!.............
#.#..⌠.^.⌠..#
#.#.........#...
#.....♣>........
#.#....o....#....
#.#..⌠...⌠..# ...
#................
#.#.........### #
#.##.##.##.## ..
..# .# ... ... .#
... ...


You could see an orc priest.

Vanquished Creatures
  An ogre (D:4)
  An orc priest (Temple)
  2 orc wizards (D:3)
  Terence (D:2)
  5 adders (D:2)
  7 gnolls
  2 worms (D:2)
  A dart slug (D:1)
  5 orcs (D:3)
  8 ball pythons
  8 endoplasms
  3 giant cockroaches
  8 goblins
  5 hobgoblins
  15 jackals
  6 kobolds
  3 quokkas
  5 bats
  3 frilled lizards
  4 rats
93 creatures vanquished.

Vanquished Creatures (others)
  A plant (D:3)
1 creature vanquished.

Grand Total: 94 creatures vanquished

Notes
Turn   | Place    | Note
-------+----------+-------------------------------------------
     0 | D:1      | zenocrate the Octopode Transmuter began the quest for the
                  | Orb.
     0 | D:1      | Reached XP level 1. HP: 13/13 MP: 3/3
   110 | D:1      | Reached skill level 1 in Stealth
   125 | D:1      | Reached XP level 2. HP: 18/18 MP: 5/5
   128 | D:1      | Learned a level 2 spell: Wereblood
   415 | D:1      | Reached XP level 3. HP: 23/23 MP: 2/6
  1609 | D:2      | Reached XP level 4. HP: 26/28 MP: 3/7
  1624 | D:2      | Learned a level 4 spell: Ice Form
  1730 | D:2      | Reached skill level 4 in Unarmed Combat
  2183 | D:2      | Reached skill level 1 in Ice Magic
  2249 | D:2      | Reached XP level 5. HP: 13/33 MP: 1/8
  2650 | D:2      | Noticed Terence
  2658 | D:2      | Killed Terence
  3173 | D:3      | Reached XP level 6. HP: 20/38 MP: 2/9
  3969 | D:3      | Found a faded altar of an unknown god.
  4329 | D:4      | Reached skill level 5 in Unarmed Combat
  4457 | D:4      | Found a staircase to the Ecumenical Temple.
  4474 | Temple   | Entered the Ecumenical Temple
  4717 | Temple   | Became a worshipper of the Shining One
  4746 | D:4      | HP: 1/38 [something (1)]
  4747 | D:4      | The Shining One protects you from harm!
  4747 | D:4      | Killed from afar by an orc priest

Illustrated notes

Levels and vault maps discovered:
D:1:      beargit_arrival_diablo_church, layout_loops_corners,
          roderic_serpentine_path, minmay_pentomino_q4
D:2:      layout_basic, chequers_serial_rivers_large_b, uniq_terence
D:3:      layout_basic, shapermc_ecumenical_altar_ellora
D:4:      layout_basic, minmay_temple_entry_large_hall, dk_noncrumbling_4,
          uniq_robin
Temple:   nicolae_temple_bog_church

Skill      XL: |  1  2  3  4  5  6 |
---------------+-------------------+-----
Stealth        | 1 2 |  2.0
Transmutations | 3 4 |  4.4
Unarmed Combat | 4 5 |  5.1
Ice Magic      | 1 2 |  2.9
Fighting       | |  1.0
Dodging        | |  2.0
Spellcasting   | |  2.0

Action                     |  1- 3 |  4- 6 || total
---------------------------+-------+-------++-------
  Melee: Unarmed           |    75 |   113 ||   188
         Constrict         |    21 |    32 ||    53
         Kick              |    19 |    26 ||    45
         Tentacles         |    11 |    19 ||    30
         Punch             |     2 |     2 ||     4
  Throw: Dart              |       |     5 ||     5
   Cast: Beastly Appendage |    21 |    31 ||    52
         Wereblood         |    16 |    31 ||    47
    Use: Scroll            |       |    11 ||    11
         Potion            |       |     5 ||     5
   Stab: Sleeping          |     6 |     5 ||    11
         Invisible         |       |     1 ||     1
 Armour: Skin              |     4 |    20 ||    24
  Dodge: Dodged            |    68 |    65 ||   133

Table legend: (Time is in decaauts)
 A = Elapsed time spent in this place.
 B = Non-inter-level travel time spent in this place.
 C = Inter-level travel time spent in this place.
 D = Time resting spent in this place.
 E = Time spent auto-exploring this place.
 F = Levels seen in this place.
 G = Mean time per level.
                   A        B        C        D        E       F      G
               +--------+--------+--------+--------+--------+-----+--------+
         Total |   4731 |   4609 |    122 |     68 |   3873 |   5 |  946.2 |
       Dungeon |   4472 |   4391 |     81 |     68 |   3675 |   4 | 1118.0 |
        Temple |    259 |    218 |     41 |      0 |    198 |   1 |  259.0 |
               +--------+--------+--------+--------+--------+-----+--------+

Top non-repeatable levels by time:
     D:1: 1520 daAuts
     D:2: 1394 daAuts
     D:3: 1367 daAuts
  Temple: 259 daAuts
     D:4: 189 daAuts
